Map: New Gettysburg LE

Players

Fropez

  • Race: Protoss Protoss
  • League: Gold
  • Spawn Location: 7:00

Regidark - Winner!

  • Race: Zerg Zerg
  • League: Gold
  • Spawn Location: 5:00

VOD

Have the link to the VOD?

Description

Time

  • Played on: Oct. 7, 2016, 5:06 p.m.
  • Length: 12:42
Show
View Real Time Build Order
Export as new Build Order

Fropez Protoss 

Build Orders: 1 Gate Expand 

Get SALT Encoding   

  12  0:01  Probe (Chrono Boost)  
  13  0:20  Probe (Chrono Boost)  
  13  0:21  Pylon  
  14  0:30  Probe (Chrono Boost)  
  15  0:39  Assimilator  
  15  0:48  Gateway  
  15  0:50  Probe (Chrono Boost)  
  16  1:01  Probe (Chrono Boost)  
  17  1:12  Probe (Chrono Boost)  
  17  1:15  Pylon  
  18  1:22  Probe (Chrono Boost)  
  19  1:38  Nexus  
  19  1:57  Gateway  
  19  1:59  Pylon  
  19  2:03  Probe (Chrono Boost)  
  20  2:11  Assimilator  
  20  2:18  Cybernetics Core  
  20  2:20  Probe (Chrono Boost)  
  21  2:40  Probe (Chrono Boost)  
  22  2:50  Pylon, Probe (Chrono Boost), Gateway  
  24  2:58  Probe (Chrono Boost)  
  24  2:59  Cybernetics Core  
  24  3:03  Pylon  
  24  3:08  Probe (Chrono Boost)  
  24  3:09  Probe (Chrono Boost)  
  26  3:21  Probe (Chrono Boost)  
  27  3:30  Probe (Chrono Boost)  
  27  3:33  Adept x2, Stargate  
  32  3:35  Warp Gate (Chrono Boost)  
  32  3:39  Adept  
  34  3:47  Probe x2  
  36  4:13  Robotics Facility  
  36  4:15  Gateway x2  
  36  4:20  Probe  
  36  4:22  Stalker  
  39  4:25  Probe  
  39  4:27  Protoss Air Weapons Level 1 (Chrono Boost)  
  40  4:38  Stalker  
  40  4:40  Probe  
  43  4:48  Probe  
  43  4:50  Assimilator  
  43  4:52  Assimilator  
  44  5:08  Stalker  
  46  5:16  Phoenix (Chrono Boost)  
  46  5:22  Warp Prism (Chrono Boost)  
  46  5:25  Probe  
  46  5:27  Probe  
  49  5:28  Pylon  
  49  5:30  Pylon  
  46  5:37  Mothership Core  
  48  5:48  Probe  
  49  5:55  Phoenix (Chrono Boost)  
  51  6:18  Adept x5  
  55  6:25  Observer  
  62  6:26  Phoenix (Chrono Boost)  
  62  6:29  Probe  
  62  6:30  Twilight Council, Probe  
  66  6:40  Nexus  
  66  6:42  Pylon  
  66  6:44  Pylon  
  66  6:51  Probe  
  67  6:58  Phoenix (Chrono Boost)  
  63  7:30  Probe  
  63  7:31  Probe  
  63  7:35  Void Ray (Chrono Boost)  
  63  7:41  Immortal (Chrono Boost)  
  67  7:49  Stargate  
  67  8:01  Stalker x4  
  67  8:02  Stalker  
  77  8:08  Probe  
  77  8:09  Probe  
  77  8:10  Pylon  
  77  8:12  Pylon  
  79  8:26  Adept x3  
  79  8:27  Adept x2  
  79  8:56  Probe  
  79  8:58  Probe  
  81  9:07  Blink (Chrono Boost)  
  81  9:09  Probe  
  81  9:11  Probe  
  81  9:12  Stalker x4  
  81  9:13  Stalker  
  85  9:33  Void Ray (Chrono Boost)  
  85  9:37  Void Ray (Chrono Boost)  
  91  9:48  Stalker  
  91  9:49  Stalker x2  
  97  10:04  Probe  
  97  10:05  Probe  
  97  10:06  Assimilator  
  99  10:10  Assimilator  
  99  10:11  Void Ray (Chrono Boost)  
  103  10:17  Immortal  
  107  10:21  Probe  
  107  10:22  Probe x2  
  107  10:26  Void Ray  
  105  11:21  Stalker  
  105  11:22  Stalker x4  
  105  11:23  Void Ray (Chrono Boost)  
  117  11:30  Fleet Beacon  
  117  11:31  Dark Shrine  
  117  11:32  Pylon  
  117  11:37  Void Ray (Chrono Boost)  
  117  11:55  Immortal (Chrono Boost)  
  117  11:56  Void Ray  
Show
View Real Time Build Order
Export as new Build Order

Regidark Zerg - Winner!

Build Orders: Hatch First, Lurkers 

Get SALT Encoding   

  12  0:03  Drone  
  13  0:18  Overlord  
  13  0:19  Drone  
  14  0:50  Drone x2  
  14  0:53  Hatchery  
  15  0:59  Drone  
  16  1:12  Spawning Pool  
  15  1:26  Drone x2  
  15  1:27  Drone  
  18  1:43  Extractor  
  17  2:00  Hatchery  
  16  2:09  Drone  
  16  2:10  Drone x3  
  16  2:14  Queen  
  22  2:16  Zergling x2  
  23  2:26  Zergling x2  
  24  2:31  Drone  
  24  2:35  Drone  
  26  3:06  Drone  
  26  3:08  Drone  
  26  3:09  Overlord x2  
  28  3:13  Drone x3  
  31  3:50  Drone  
  31  3:51  Drone x11  
  31  3:54  Queen  
  45  3:56  Lair  
  45  4:06  Metabolic Boost  
  45  4:07  Zergling x2  
  45  4:08  Zergling x4  
  48  4:16  Drone  
  48  4:17  Drone  
  50  4:18  Overlord  
  50  4:42  Drone  
  50  4:43  Drone x7  
  50  4:45  Overlord  
  58  4:52  Spore Crawler  
  57  5:02  Queen  
  57  5:05  Extractor  
  57  5:06  Drone x3  
  61  5:07  Extractor, Drone x2  
  61  5:08  Drone  
  61  5:09  Drone x2  
  64  5:27  Zergling x6  
  65  5:29  Overlord x2  
  64  5:40  Zergling x2  
  64  5:41  Zergling x2  
  65  5:45  Overlord  
  65  5:46  Overlord  
  65  5:58  Drone  
  65  5:59  Extractor, Drone  
  65  6:01  Overlord  
  66  6:09  Evolution Chamber  
  65  6:13  Drone x2, Hydralisk Den  
  65  6:14  Drone  
  67  6:18  Extractor  
  67  6:22  Extractor  
  67  6:23  Drone x2  
  67  6:24  Drone  
  68  6:27  Drone x2  
  68  6:28  Drone  
  68  6:31  Hatchery  
  70  6:39  Zerg Missile Weapons Level 1  
  70  6:43  Hydralisk x7, Muscular Augments  
  70  6:44  Hydralisk  
  86  6:57  Hydralisk x2  
  86  6:59  Overlord x2  
  90  7:10  Overlord x2  
  89  7:24  Hydralisk x3, Zergling x12  
  94  7:50  Drone x7  
  94  7:51  Drone x5  
  106  8:07  Hydralisk x8  
  122  8:19  Lurker Den  
  122  8:25  Hydralisk x2  
  126  8:27  Overlord x3  
  126  8:33  Drone  
  117  8:56  Hydralisk x11  
  117  8:57  Hydralisk x6  
  117  8:58  Zerg Missile Weapons Level 2  
  151  9:08  Infestation Pit  
  150  9:10  Extractor  
  150  9:11  Drone  
  150  9:12  Drone  
  150  9:13  Extractor, Overlord x3  
  149  9:18  Hydralisk x2  
  145  9:40  Hydralisk x10  
  163  9:49  Hydralisk x2  
  167  10:05  Lurker x2  
  167  10:06  Lurker x4  
  173  10:10  Hydralisk  
  173  10:12  Overlord x5  
  173  10:13  Overlord x2  
  169  10:45  Hydralisk  
  169  10:46  Hydralisk x4  
  179  10:57  Hydralisk x4  
  179  10:58  Hydralisk x7  
  199  11:14  Hive  
  199  11:15  Hydralisk  
  199  11:59  Overseer  
Tags
 
Composition
Lurkers
League
GoldGold
Matchup
PvZ
Replay Pack
All Mines
Spawn Locations
Close Positions
Add a new tag
Caveats
  • Supply blocks, unpowered buildings, or Contaminate may cause inaccurate times.
  • Supply counts are checked every 10 seconds.